 Dungeon Crawl Stone Soup version 0.29-a0-67-g1d65ae1 (webtiles) character file.

Game seed: 189993116448090424

61 PidgeyThePirate the Skirmisher (level 3, -3/31 HPs)
             Began as a Demigod Fighter on Feb 3, 2022.
             Slain by a gnoll (6 damage)
             ... on level 2 of the Dungeon.
             The game lasted 00:02:52 (1933 turns).

PidgeyThePirate the Skirmisher (Demigod Fighter)    Turns: 1933, Time: 00:02:52

Health: -3/31      AC:  6    Str: 21    XL:     3   Next: 58%
Magic:  5/5        EV:  9    Int: 10    God:
Gold:   50         SH:  4    Dex: 13    Spells: 2/2 levels left

rFire   . . .      SeeInvis .   a - +0 flail
rCold   . . .      Faith    .   c - +0 buckler
rNeg    . . .      Spirit   .   b - +0 scale mail
rPois   .          Reflect  .   (no helmet)
rElec   .          Harm     .   (no cloak)
rCorr   .          Rampage  .   (no gloves)
Will    .....                   (no boots)
Stlth   ..........              (no amulet)
HPRegen 0.10/turn               (no ring)
MPRegen 0.09/turn               (no ring)

@: no status effects
A: high MP 1, forlorn, divine attributes
a: no special abilities


You were on level 2 of the Dungeon.
You visited 1 branch of the dungeon, and saw 2 of its levels.

You collected 50 gold pieces.

Inventory:

Hand Weapons
 a - a +0 flail (weapon)
Armour
 b - a +0 scale mail (worn)
 c - a +0 buckler (worn)
Scrolls
 f - a scroll of silence {unknown}
 i - a scroll of holy word {unknown}
Potions
 d - a potion of might
 e - 2 potions of mutation {unknown}
 g - 2 potions of ambrosia {unknown}
 h - a potion of curing {unknown}


   Skills:
 + Level 3.1 Fighting
 + Level 2.7 Maces & Flails
 + Level 3.1 Armour
 + Level 0.1 Dodging
 + Level 3.0 Shields


You had 2 spell levels left.
You didn't know any spells.
Your spell library was empty.

Dungeon Overview and Level Annotations

Branches:
Dungeon (2/15)


Innate Abilities, Weirdness & Mutations

You have an increased reservoir of magic. (+10% MP)
You shall have no god before yourself.
Your divine heritage dramatically boosts your attributes as you level up.


Message History

The gnoll hits you but does no damage. The gnoll barely misses you.
The gnoll hits you with a +0 flail!
You thump the gnoll!
You kill the gnoll!
The gnoll hits you but does no damage.
Your Shields skill increases to level 3!
You hit the gnoll.
The gnoll is moderately wounded.
The gnoll hits you from afar with a +0 spear.
The gnoll barely misses you. The gnoll closely misses you.
The gnoll hits you but does no damage.
You sock the gnoll!
You kill the gnoll!
The gnoll hits you from afar with a +0 spear.
You are too injured to fight recklessly!
You are too injured to fight recklessly!
You are too injured to fight recklessly!
You are too injured to fight recklessly!
Okay, then.
The gnoll hits you with a +0 spear.
* * * LOW HITPOINT WARNING * * *
Things that are here:
a +0 whip; a +0 flail; a gnoll corpse You sock the gnoll!
The gnoll is severely wounded.
You block the gnoll's attack.
You hit the gnoll.
The gnoll is severely wounded.
The gnoll hits you with a +0 spear.
* * * LOW HITPOINT WARNING * * *
The gnoll hits you with a +0 spear.
* * * LOW HITPOINT WARNING * * *
You hit the gnoll.
The gnoll is almost dead.
The gnoll hits you with a +0 spear.
* * * LOW HITPOINT WARNING * * *
You closely miss the gnoll.
The gnoll is almost dead.
The gnoll hits you with a +0 spear.
You die...

#### #...## ####8.>.8##
##.###### #.#.......#
#.... ..######.†@g.8.>.#
.... #.##..$#.#.......#
#..# ##.##.....##8.>.8##
... .......#.# #...##
#.#####.######.###########
....<##.# #...........#
........# ####.######.##
.......### #..####...#
....(#....... ..........#


You could see a gnoll.

Vanquished Creatures
  3 gnolls
  A worm (D:2)
  2 dart slugs (D:1)
  5 bats
  An endoplasm (D:1)
  A giant cockroach (D:2)
  2 hobgoblins (D:1)
  5 quokkas
  2 kobolds (D:1)
  4 rats
26 creatures vanquished.

Notes
Turn   | Place    | Note
-------+----------+-------------------------------------------
     0 | D:1      | PidgeyThePirate the Demigod Fighter began the quest for the
                  | Orb.
     0 | D:1      | Reached XP level 1. HP: 18/18 MP: 3/3
   565 | D:1      | Reached XP level 2. HP: 16/26 MP: 4/4
  1610 | D:2      | Reached XP level 3. HP: 18/31 MP: 5/5
  1933 | D:2      | Slain by a gnoll

Illustrated notes

Levels and vault maps discovered:
D:1:      kennysheep_arrival_seaside, layout_loops_corners, chequers_garden,
          nicolae_figureground_pulse
D:2:      layout_loops_cross, serial_shops, nicolae_shop_advertising_works
          [nicolae_subvault_shop_adworks],
          hellmonk_ecumenical_altar_inner_sanctum, grunt_ministairs_7

Skill      XL: |  1  2  3 |
---------------+----------+-----
Fighting       | 3 |  3.1
Maces & Flails | 2 |  2.7
Armour         | 3 |  3.1
Shields        | 3 |  3.0
Dodging        | |  0.1

Action                   || total
-------------------------++-------
Melee: Flail             ||   103
Armor: Scale mail        ||    57
Dodge: Dodged            ||    48
Block: Buckler           ||    21

Table legend: (Time is in decaauts)
 A = Elapsed time spent in this place.
 B = Non-inter-level travel time spent in this place.
 C = Inter-level travel time spent in this place.
 D = Time resting spent in this place.
 E = Time spent auto-exploring this place.
 F = Levels seen in this place.
 G = Mean time per level.
                   A        B        C        D        E       F      G
               +--------+--------+--------+--------+--------+-----+--------+
         Total |   1971 |   1889 |     82 |      0 |   1621 |   2 |  985.5 |
       Dungeon |   1971 |   1889 |     82 |      0 |   1621 |   2 |  985.5 |
               +--------+--------+--------+--------+--------+-----+--------+

Top non-repeatable levels by time:
     D:1: 1419 daAuts
     D:2: 552 daAuts
